AoeStats
← Aprendiendo

Arabian Desert

508971900Analyzed
1v1 RM · 7d ago on Sep 24, 2026· 52m 24s· 2 players
Game mode
Random Map
Map size
Tiny (2 player)
Population
200
Speed
Normal
Resources
Standard
Victory
Conquest
Starting age
Dark Age
Ending age
Imperial Age
RankedLock teamsTeams togetherTeam positionsShared explorationLock speedFull tech treeHidden civsTurbo modeCheats
Victory
Defeat
🇦🇷 Celts · Argentina
1240
+16
🇺🇸 Teutons · United States
1249
-16
Aprendiendo
7:35 Loom
9:50 Feudal Age
10:21 Man-at-Arms
16:59 Double-Bit Axe
17:39 Horse Collar
20:32 Wheelbarrow
20:17 Gold Mining
20:47 Stone Mining
25:10 Castle Age
23:27 Scale Barding Armor
23:33 Forging
23:41 Fletching
26:58 Scale Mail Armor
27:59 Husbandry
28:28 Bow Saw
28:21 Heavy Plow
29:15 Iron Casting
28:50 Gambesons
32:31 Chain Mail Armor
32:11 Pikeman
40:16 Town Watch
42:13 Hand Cart
45:29 Imperial Age
45:33 Bodkin Arrow
47:06 Conscription
46:22 Halberdier
49:38 Plate Mail Armor
50:09 Blast Furnace
49:04 Elite Woad Raider
Exenity
6:19 Loom
8:53 Feudal Age
14:49 Double-Bit Axe
15:33 Town Watch
21:56 Fletching
23:47 Padded Archer Armor
26:35 Wheelbarrow
29:03 Castle Age
28:05 Scale Barding Armor
28:11 Forging
29:22 Bloodlines
29:06 Gold Mining
30:00 Horse Collar
33:49 Chain Barding Armor
35:12 Wheelbarrow
39:09 Bodkin Arrow
44:30 Imperial Age
42:45 Leather Archer Armor
44:26 Stone Mining
46:30 Chemistry
46:42 Chemistry
46:17 Bow Saw
49:05 Ring Archer Armor
48:40 Heavy Mounted Crossbowman
Connection lost

Rejoining the realm…

Still unreachable

The connection could not be restored.

Session expired

The server has moved on; the page needs a fresh start.